 Dungeon Crawl Stone Soup version 0.23.2-33-g5129a83184 (webtiles) character file.

Game seed: 6972631825441617490

1127 psyvane the Destroyer (level 8, -3/127 HPs)
             Began as a Hill Orc Fire Elementalist on July 12, 2019.
             Was a Follower of Makhleb.
             Slain by an orc warrior
             ... wielding a +0 halberd
              (14 damage)
             ... on level 6 of the Dungeon on July 13, 2019.
             The game lasted 00:34:23 (6861 turns).

psyvane the Destroyer (Hill Orc Fire Elementalist)  Turns: 6861, Time: 00:34:24

Health: -3/127     AC: 24    Str: 15 (16) XL:     8   Next: 35%
Magic:  12/12      EV:  2    Int: 12 (15) God:    Makhleb [*.....]
Gold:   199        SH:  3    Dex: 11 (13) Spells: 0/13 levels left

rFire    + + .     SeeInvis .   m - +2 dagger (venom)
rCold    + + .     Gourm    .   (no shield)
rNeg     + + +     Faith    .   (armour currently unavailable)
rPois    +         Spirit   .   (helmet currently unavailable)
rElec    +         Reflect  +   (cloak currently unavailable)
rCorr    +         Harm     .   (gloves currently unavailable)
MR       .....     NoTele   +   (boots currently unavailable)
Stlth    ..........             s - +3 amulet of reflection
HPRegen  0.31/turn              t - ring of protection from fire
MPRegen  0.13/turn              o - ring of protection from cold

@: berserking, tree-form, resistant, very slightly contaminated, very quick
A: no striking features
a: Renounce Religion, Convert to Beogh


You were on level 6 of the Dungeon.
You worshipped Makhleb.
Makhleb was aware of your devotion.
You were hungry.
You were a tree.
You visited 1 branch of the dungeon, and saw 6 of its levels.

You collected 199 gold pieces.

Inventory:

Hand Weapons
 m - a +2 dagger of venom (weapon)
 u - a +2 shortbow of freezing
Missiles
 e - 136 stones (quivered)
 v - 39 arrows
Armour
 a - a +0 robe (melded)
 d - a +0 helmet (melded)
 k - a +1 pair of boots (melded)
 B - a +2 ring mail of fire resistance
Jewellery
 i - an uncursed ring of flight
 o - a ring of protection from cold (right branch)
 s - a +3 amulet of reflection (around neck)
 t - a ring of protection from fire (left branch)
 y - an uncursed ring of ice
 z - an uncursed ring of wizardry
Wands
 x - a wand of random effects (8)
Scrolls
 n - 3 scrolls of identify
 p - 5 scrolls of remove curse
 w - 3 scrolls of magic mapping
Potions
 q - a potion of ambrosia {unknown}
Comestibles
 c - 8 rations
 A - a chunk of flesh


   Skills:
 - Level 1.5 Dodging
 - Level 1.5 Stealth
 * Level 3.3 Spellcasting
 - Level 8.1 Conjurations
 * Level 0.5 Translocations
 - Level 4.8 Fire Magic


You couldn't memorise any spells.
You knew the following spells:

 Your Spells              Type           Power        Failure   Level  Hunger
a - Flame Tongue          Conj/Fire      ###..        1%          1    #......
b - Throw Flame           Conj/Fire      ###...       2%          2    ##.....
c - Inner Flame           Hex/Fire       #.......     26%         3    ###....
d - Conjure Flame         Conj/Fire      ###.....     4%          3    ###....
e - Force Lance           Conj/Tloc      ##......     36%         4    #####..

Your spell library contained the following spells:

 Spells                   Type           Power        Failure   Level  Hunger
 Magic Dart               Conj           ###.         1%          1    #......
 Searing Ray              Conj           ###...       1%          2    ##.....
 Iskenderun's Mystic Bla  Conj           ###.....     9%          4    #####..
 Dazzling Spray           Conj/Hex       ##....       14%         3    ###....
 Sticky Flame             Conj/Fire      ###.....     17%         4    #####..
 Mephitic Cloud           Conj/Pois/Air  #.......     24%         3    ###....
 Blink                    Tloc           N/A          28%         2    ##.....
 Call Imp                 Summ           #.......     36%         2    ##.....
 Slow                     Hex            #.......     36%         2    ##.....
 Fulminant Prism          Conj/Hex       ##........   41%         4    #####..
 Fireball                 Conj/Fire      ###.......   43%         5    ######.


Dungeon Overview and Level Annotations

Branches:
Dungeon (6/15)             Temple (0/1) D:6

Altars:
Makhleb

Shops:
D:4 :

Annotations:
D:3 Sigmund


Message History

You feel weakened.
You feel dopey.
You feel clumsy.
The orc warrior hits you but does no damage.
The orc priest hits you but does no damage.
The orc hits you but does no damage.
It was a potion of berserk rage.
A red film seems to cover your vision as you go berserk!
You feel yourself moving faster!
You feel mighty!
The orc warrior hits you but does no damage.
The orc priest shouts, "Join the one true god or die!"
The orc priest hits you but does no damage.
The orc hits you but does no damage.
You are too berserk!
You closely miss the orc warrior. The orc warrior barely misses you.
The orc priest shouts, "Beogh is our master!
Accept the truth or die!"
The orc priest hits you but does no damage.
You barely miss the orc warrior. The orc hits you but does no damage.
You barely miss the orc priest.
The orc priest hits you but does no damage.
The orc warrior hits you with a +0 halberd!
You die...

*,,,,,......))....#,*
*,,,,,............#,*
*****,***#......%....#,*
,,,**,***#...........#,*
**,*,,,,,#..........##.#
*,*****,#######s......#
*,,,,,,,,,,,,*#o######## *****
*,,,,,,,,,,,,*#o#..%...#*#*,_,**
**,,,,,,,,,,,,*#♣###.#.##.#,,,,,⌠
,*,,,,,,,,,,,,*#ooFh......#,,⌠,,,
**,***,,,,,****######.....#*,,,,,
**,* *,***** #......#**,,, **,*
*,* ***********#.5......#**+ **,*
*,* *,,,,,,,,,,..........,,, ,,,*
*,* *,********##.......##*** ****
*,* *,* #.......# *,* *,*
#.......#


You could see an orc warrior, a black bear, a bullfrog, 2 orc priests, an orc
and a giant cockroach.

Vanquished Creatures
  A sky beast (D:5)
  An ogre (D:5)
  2 centaurs (D:5)
  A bullfrog (D:5)
  A scorpion (D:4)
  A vampire bat (D:4)
  A howler monkey (D:5)
  4 hounds
  2 orc priests (D:5)
  An orc wizard (D:4)
  Ijyb (D:5)
  Terence (D:3)
  An iguana (D:4)
  A worker ant (D:5)
  A hound skeleton (D:5)
  A hound zombie (D:5)
  Robin (D:3)
  3 gnolls (D:4)
  4 adders
  A worm (D:3)
  3 dart slugs
  3 fire bats (D:4)
  10 orcs
  2 spectral bats (D:4)
  19 bats
  3 bat skeletons (D:4)
  A bat zombie (D:4)
  10 giant cockroaches
  10 goblins
  8 hobgoblins
  8 jackals
  4 kobolds
  A quokka (D:5)
  2 ball pythons
  A bat simulacrum (D:4)
  3 frilled lizards
  A jackal zombie (D:6)
  A quokka skeleton (D:4)
  10 rats
130 creatures vanquished.

Notes
Turn   | Place    | Note
-------+----------+-------------------------------------------
     0 | D:1      | psyvane the Hill Orc Fire Elementalist began the quest for
                  | the Orb.
     0 | D:1      | Reached XP level 1. HP: 14/14 MP: 3/3
   238 | D:1      | Reached XP level 2. HP: 20/20 MP: 2/4
   242 | D:1      | Learned a level 2 spell: Throw Flame
   733 | D:1      | Reached XP level 3. HP: 26/26 MP: 0/5
  2181 | D:3      | Noticed Sigmund
  2467 | D:4      | Noticed a scorpion
  2512 | D:3      | Noticed Robin
  2584 | D:4      | Reached XP level 4. HP: 23/33 MP: 1/6
  2617 | D:4      | Reached skill level 2 in Conjurations
  2806 | D:4      | Learned a level 3 spell: Inner Flame
  2812 | D:3      | Killed Robin
  2818 | D:3      | Noticed Terence
  3235 | D:3      | Killed Terence
  3235 | D:3      | Reached skill level 3 in Conjurations
  3403 | D:3      | Found a burning altar of Makhleb.
  3439 | D:3      | Reached XP level 5. HP: 38/38 MP: 4/7
  3464 | D:3      | Became a worshipper of Makhleb the Destroyer
  3706 | D:4      | Reached skill level 4 in Conjurations
  4104 | D:4      | Reached XP level 6. HP: 43/45 MP: 1/8
  4245 | D:4      | Reached skill level 5 in Conjurations
  4340 | D:4      | Reached * piety under Makhleb
  4488 | D:4      | Found Wufud's Book Shoppe.
  4541 | D:5      | Entered Level 5 of the Dungeon
  4549 | D:5      | Reached skill level 6 in Conjurations
  4549 | D:5      | Reached XP level 7. HP: 40/50 MP: 0/9
  4556 | D:5      | Learned a level 3 spell: Conjure Flame
  5229 | D:5      | Reached skill level 7 in Conjurations
  5367 | D:5      | Noticed Ijyb
  5388 | D:5      | Killed Ijyb
  5489 | D:5      | Reached skill level 8 in Conjurations
  5824 | D:5      | Reached XP level 8. HP: 57/57 MP: 10/10
  6221 | D:5      | Learned a level 4 spell: Force Lance
  6861 | D:6      | Slain by an orc warrior

Skill      XL: |  1  2  3  4  5  6  7  8 |
---------------+-------------------------+-----
Fire Magic     | 4 |  4.8
Conjurations   | 3 4 6 8 |  8.1
Spellcasting   | 3 |  3.3
Dodging        | |  1.5
Stealth        | |  1.5
Translocations | |  0.5

Action                   |  1- 3 |  4- 6 |  7- 9 || total
-------------------------+-------+-------+-------++-------
Melee: Unarmed           |    99 |    28 |       ||   127
       Dagger            |       |   108 |   121 ||   229
 Cast: Flame Tongue      |    48 |    33 |    32 ||   113
       Throw Flame       |    10 |    28 |    40 ||    78
       Inner Flame       |       |       |     1 ||     1
  Use: Scroll            |     1 |     1 |     3 ||     5
       Potion            |     1 |     1 |     6 ||     8
 Stab: Sleeping          |     4 |     1 |     1 ||     6
  Eat: Chunk             |     7 |     7 |    10 ||    24
       Ration            |       |     1 |       ||     1
Armor: Robe              |    36 |    72 |    43 ||   151
       Skin              |       |       |    16 ||    16
Dodge: Dodged            |    71 |   164 |    81 ||   316
Block: Other             |       |    20 |    25 ||    45
       Reflection        |       |     1 |     1 ||     2
